 Dungeon Crawl Stone Soup version 0.26.0-10-g1f06aea511 (webtiles) character file.

Game seed: 6713148695119649235

1849 MajorAdolf the Skirmisher (level 9, -17/129 HPs)
             Began as a Naga Wanderer on Jan 16, 2021.
             Was an Initiate of Gozag.
             Demolished by a komodo dragon (20 damage)
             ... on level 7 of the Dungeon.
             The game lasted 00:09:47 (9809 turns).

MajorAdolf the Skirmisher (Naga Wanderer)           Turns: 9809, Time: 00:09:48

Health: -17/129    AC: 24    Str: 13    XL:     9   Next: 12%
Magic:  9/9        EV:  1    Int: 14    God:    Gozag
Gold:   420        SH:  0    Dex: 14    Spells: 8/8 levels left

rFire    . . .     SeeInvis +   y - +2 flail (venom)
rCold    . . .     Faith    .   (no shield)
rNeg     + + +     Spirit   .   (armour currently unavailable)
rPois    +         Reflect  .   (helmet currently unavailable)
rElec    .         Harm     .   (cloak currently unavailable)
rCorr    .         Rampage  .   (gloves currently unavailable)
Will     +....     NoTele   +   (no barding)
Stlth    ++........             (no amulet)
HPRegen  0.31/turn              (no ring)
MPRegen  0.11/turn              (no ring)

@: tree-form
A: large, see invisible, spit poison 1, AC +3
a: Spit Poison, Renounce Religion, Potion Petition, Call Merchant, Bribe Branch


You were on level 7 of the Dungeon.
You worshipped Gozag.
Gozag was aware of your devotion.
You were a tree.
You visited 2 branches of the dungeon, and saw 8 of its levels.

You collected 541 gold pieces.
You paid 121 gold pieces to Gozag.

Inventory:

Hand Weapons
 p - a +0 short sword of venom
 y - a +2 flail of venom (weapon)
Missiles
 v - 23 bolts
Armour
 l - a +1 cloak (melded)
 t - a +0 pair of gloves (melded)
 z - a +1 leather armour of fire resistance (melded)
 A - a +3 ring mail
Magical Staves
 C - an uncursed staff of death
Jewellery
 e - an uncursed ring of see invisible {unknown}
 h - a +6 ring of strength {unknown}
Wands
 u - a wand of enslavement (7)
Scrolls
 a - 5 scrolls of remove curse
 f - a scroll of vulnerability {unknown}
 g - 3 scrolls of amnesia
 j - 4 scrolls of identify
 k - 2 scrolls of enchant armour
 n - 4 scrolls of teleportation
 o - 2 scrolls of fear
 r - 2 scrolls of enchant weapon
 w - a scroll of magic mapping {unknown}
Potions
 b - 2 potions of heal wounds
 d - a potion of flight {unknown}
 i - a potion of invisibility {unknown}
 m - 3 potions of brilliance
 q - 2 potions of ambrosia
 s - 2 potions of curing
 x - a potion of might {unknown}
 B - a potion of resistance {unknown}


   Skills:
 + Level 7.5 Fighting
 - Level 1.0 Crossbows
 + Level 7.0 Armour
 + Level 3.9 Dodging
 - Level 3.0 Stealth
 - Level 1.0 Evocations


You had 8 spell levels left.
You didn't know any spells.
Your spell library contained the following spells:

 Spells                   Type           Power        Failure   Level
 Animate Skeleton         Necr           0%           28%         1
 Apportation              Tloc           0%           28%         1
 Corona                   Hex            0%           28%         1
 Summon Small Mammal      Summ           0%           28%         1
 Confusing Touch          Hex            0%           65%         3
 Gell's Gravitas          Tloc           0%           65%         3
 Petrify                  Tmut/Erth      0%           96%         4
 Metabolic Englaciation   Hex/Ice        0%           100%        5
 Yara's Violent Unravell  Hex/Tmut       0%           100%        5


Dungeon Overview and Level Annotations

Branches:
Dungeon (7/15)             Temple (1/1) D:5

Altars:
Ashenzari
Cheibriados
Dithmenos
Gozag
Hepliaklqana
Kikubaaqudgha
Makhleb
Nemelex Xobeh
Okawaru
Qazlal
Sif Muna
Trog
Uskayaw
Vehumet
Wu Jian
Xom
Yredelemnul
Zin

Annotations:
D:3 Grinder
D:5 qborf's ghost, amateur DETm
D:7 1 runed translucent door, exclusion: statue, Crazy Yiuf; Pikel


Innate Abilities, Weirdness & Mutations

You cannot wear boots.
((Your serpentine skin is tough. (AC +3)))
You have supernaturally acute eyesight. (SInv)
((Armour fits poorly on your strangely shaped body.))
((Your system is resistant to poisons. (rPois)))
((You cover ground very slowly.))
You can spit poison.


Message History

You turn into a tree.
Your +1 cloak melds into your body.
Your +0 pair of gloves melds into your body.
Your +1 leather armour of fire resistance melds into your body.
You feel less resistant to fire.
Your roots penetrate the ground.
The komodo dragon bites you but does no damage.
Unknown command.
You closely miss the komodo dragon.
The komodo dragon is heavily wounded.
The komodo dragon bites you but does no damage.
You closely miss the komodo dragon.
The komodo dragon is heavily wounded.
The komodo dragon bites you!
* * * LOW HITPOINT WARNING * * *
You sock the komodo dragon!
The komodo dragon is almost dead.
The komodo dragon bites you!
* * * LOW HITPOINT WARNING * * *
The komodo dragon bites you!!
You die...
Your body crumbles into a pile of gold.

........#### ##
###...(<..#
......###..### .# #
###...#.. ....###....#
.##.##. #. ###....
..###.#.#.## #..# .#
... $ ###..
####.#.#.#.###..##.##..
..###
...........#....8....
#...
####.#.#.#..##.##oZ#
###
..###.#.#.#..#..#lJ#
###..
....###.....#.##♣##.#
###....
......###..###)#.# #
###...### ###<....####
###. ###...####. #
#.###...## ..
##.......... ###.#
#....# ### #..##......#
.##.# ###..##
##...#.....## #####
#....#.# #.#..#.#....)#
.# #.#..##.
.##.##......># .♣
...#...#.#
#.#..####.....#


You could see a komodo dragon (very poisoned), a jelly, an orc and an adder
zombie.

Vanquished Creatures
  A water moccasin (D:7)
  Duvessa (D:7)
  A phantom (D:4)
  An orc warrior (D:7)
  2 necrophages (D:7)
  A sky beast (D:5)
  An ogre (D:4)
  An ice beast (D:6)
  A lemure (D:6)
  Blork the orc (D:6)
  A bullfrog (D:6)
  Dowan (D:7)
  A scorpion (D:5)
  2 howler monkeys
  A bullfrog zombie (D:6)
  A jelly (D:5)
  3 hounds
  An orc priest (D:7)
  4 orc wizards
  2 bullfrog skeletons (D:7)
  Jessica (D:4)
  4 worker ants
  A hound skeleton (D:5)
  A howler monkey skeleton (D:6)
  4 adders
  A shadow imp (D:5)
  2 white imps
  3 ufetubi (D:5)
  An adder zombie (D:5)
  2 oozes
  2 worms (D:3)
  2 dart slugs
  5 leopard geckos
  17 orcs
  5 bats
  8 giant cockroaches
  7 goblins
  7 hobgoblins
  8 jackals
  3 quokkas
  A ball python (D:3)
  8 frilled lizards
  A jackal skeleton (D:5)
  12 kobolds
  9 rats
143 creatures vanquished.

Notes
Turn   | Place    | Note
-------+----------+-------------------------------------------
     0 | D:1      | MajorAdolf the Naga Wanderer began the quest for the Orb.
     0 | D:1      | MajorAdolf set off with the following items: a +2 dagger, a
                  | potion of heal wounds, a potion of lignification, a +0 hand
                  | crossbow, 26 bolts, a +0 robe
     0 | D:1      | Reached XP level 1. HP: 22/22 MP: 1/1
   203 | D:1      | Reached XP level 2. HP: 31/31 MP: 2/2
   976 | D:1      | Reached XP level 3. HP: 37/37 MP: 3/3
  1474 | D:1      | Reached skill level 5 in Fighting
  1908 | D:2      | Reached XP level 4. HP: 46/46 MP: 4/4
  1914 | D:2      | Reached skill level 1 in Dodging
  2090 | D:2      | Found a shimmering blue altar of Sif Muna.
  2636 | D:2      | Found a shimmering altar of Xom.
  2835 | D:2      | Found a burning altar of Makhleb.
  2855 | D:3      | Noticed Grinder
  3328 | D:3      | Reached XP level 5. HP: 31/55 MP: 5/5
  3514 | D:3      | Found a snail-covered altar of Cheibriados.
  3629 | D:4      | Noticed Jessica
  3637 | D:4      | Found a shimmering blue altar of Sif Muna.
  3643 | D:4      | Killed Jessica
  3843 | D:4      | Noticed an ogre
  3859 | D:4      | Killed an ogre
  3860 | D:4      | Reached XP level 6. HP: 18/62 MP: 6/6
  3958 | D:4      | Noticed a phantom
  4622 | D:4      | Killed a phantom
  5226 | D:4      | Reached XP level 7. HP: 68/69 MP: 7/7
  5498 | D:5      | Entered Level 5 of the Dungeon
  6074 | D:5      | Found a staircase to the Ecumenical Temple.
  6408 | Temple   | Entered the Ecumenical Temple
  6681 | D:5      | Found a basalt altar of Yredelemnul.
  6772 | D:5      | Found a runed translucent gate.
  6773 | D:5      | Found a runed translucent gate.
  6774 | D:5      | Found a runed translucent gate.
  6775 | D:5      | Found an opulent altar of Gozag.
  6775 | D:5      | Noticed qborf's ghost (amateur DETm)
  6968 | D:5      | Found a bloodstained altar of Trog.
  7110 | D:5      | Became a worshipper of Gozag Ym Sagoz the Greedy
  7230 | D:6      | Reached XP level 8. HP: 14/78 MP: 8/8
  7512 | D:6      | Reached skill level 5 in Armour
  7934 | D:6      | Noticed Blork the orc
  7945 | D:6      | Killed Blork the orc
  8607 | D:6      | Found a shadowy altar of Dithmenos.
  8742 | D:7      | Noticed Duvessa
  8744 | D:7      | Noticed Dowan
  8752 | D:7      | Killed Duvessa
  8767 | D:7      | Killed Dowan
  9345 | D:7      | Found a radiant altar of Vehumet.
  9408 | D:7      | Reached XP level 9. HP: 70/86 MP: 9/9
  9478 | D:7      | Found a shadowy altar of Dithmenos.
  9507 | D:7      | Noticed Pikel
  9575 | D:7      | Found a runed translucent door.
  9576 | D:7      | Noticed Crazy Yiuf
  9798 | D:7      | Noticed a komodo dragon
  9800 | D:7      | Identified the ring of Losari {Int+3 Stlth-}
  9809 | D:7      | HP: 3/129 [komodo dragon (12)]
  9809 | D:7      | Demolished by a komodo dragon

Illustrated notes

Levels and vault maps discovered:
D:1:      dpeg_arrival_windows_large_door, layout_basic, hangedman_decor_growths
D:2:      minmay_angry_zag, layout_basic, nicolae_overflow_crystal_walls,
          xom_butterflies, marbit_many_paths
D:3:      layout_loops_ring, lemuel_round_altar, grunt_gozag_breadcrumbs,
          uniq_grinder
D:4:      layout_basic, tgw_sif
D:5:      layout_basic, lemuel_round_altar, lemuel_crystal_altar,
          temple_fountains, ebering_ghost_gozag
D:6:      layout_basic, nicolae_dithmenos_through_a_glass_darkly,
          uniq_blork_the_orc
D:7:      minmay_the_grid_four_pointed_star
          [minmay_the_grid_triangle_9x9_windchime,
          minmay_the_grid_triangle_9x9_sparse_checkered,
          minmay_the_grid_triangle_9x9_from_above,
          minmay_the_grid_triangle_9x9_zippers_vertical,
          minmay_the_grid_prize_trominoes], layout_rooms, elyvilon_altar_5,
          nicolae_overflow_hidden_temple, lemuel_coloured_pillars_altar,
          vehumet_statue, uniq_crazy_yiuf_cottage, uniq_duvessa, uniq_pikel
Temple:   compressed_dpeg_triangle_lava_temple

Skill      XL: |  1  2  3  4  5  6  7  8  9 |
---------------+----------------------------+-----
Fighting       | 5 6 7 |  7.5
Dodging        | 1 2 3 |  3.9
Armour         | 2 3 4 6 7 |  7.0
Crossbows      | |  1.0
Stealth        | |  3.0
Evocations     | |  1.0

Action                   |  1- 3 |  4- 6 |  7- 9 || total
-------------------------+-------+-------+-------++-------
Melee: Dagger            |    60 |       |       ||    60
       Short sword       |    50 |   235 |   189 ||   474
       Flail             |       |       |    96 ||    96
 Abil: Spit Poison       |     2 |     4 |     1 ||     7
Evoke: Wand              |       |     6 |       ||     6
  Use: Scroll            |       |       |    15 ||    15
       Potion            |       |       |     1 ||     1
 Stab: Sleeping          |     5 |       |     1 ||     6
       Distracted        |       |       |     3 ||     3
Armor: Robe              |    26 |       |       ||    26
       Scale mail        |    15 |   117 |   165 ||   297
       Leather armour    |       |       |    31 ||    31
       Skin              |       |       |     2 ||     2
Dodge: Dodged            |    60 |    95 |   146 ||   301
